 Dungeon Crawl Stone Soup version 0.26.1-11-gd32895ea62 (webtiles) character file.

Game seed: 15394900216974816403

2333 Riddle the Cleaver (level 9, -1/60 HPs)
             Began as a Vine Stalker Fighter on May 5, 2021.
             Was a Believer of Hepliaklqana.
             Slain by a gnoll shaman
             ... wielding a +0 spear
              (2 damage)
             ... in a bailey.
             The game lasted 00:11:33 (4821 turns).

Riddle the Cleaver (Vine Stalker Fighter)           Turns: 4821, Time: 00:11:34

Health: -1/60      AC: 24    Str: 21    XL:     9   Next: 42%
Magic:  0/10       EV:  2    Int:  8    God:    Hepliaklqana [**....]
Gold:   375        SH: 16    Dex: 15    Spells: 8/8 levels left

rFire    + . .     SeeInvis .   a - +0 war axe
rCold    . . .     Faith    .   c - +0 kite shield
rNeg     + + +     Spirit   +   (armour currently unavailable)
rPois    +         Reflect  +   (helmet currently unavailable)
rElec    .         Harm     .   (cloak currently unavailable)
rCorr    .         Rampage  .   (gloves currently unavailable)
Will     +....     NoTele   +   (boots currently unavailable)
Stlth    +++.......             n - amulet of reflection
HPRegen  0.60/turn              t - ring of protection from fire
MPRegen  0.12/turn              x - ring of stealth

@: mighty, tree-form
A: reduced essence, regeneration 1, magic shield, no potion heal 3
a: Renounce Religion, Recall Ancestor, Ancestor Identity


You were in a bailey.
You worshipped Hepliaklqana.
Hepliaklqana was pleased with you.
You were a tree.
You visited 1 branch of the dungeon, and saw 7 of its levels.
You also visited: Bailey.

You collected 375 gold pieces.

Inventory:

Hand Weapons
 a - a +0 war axe (weapon)
Armour
 c - a +0 kite shield (worn)
 r - a +2 pair of gloves of archery (melded)
 y - a +0 plate armour (melded)
 B - a +0 pair of boots (melded)
 E - a +0 helmet (melded)
Jewellery
 n - an amulet of reflection (around neck)
 t - a ring of protection from fire (left branch)
 v - an uncursed amulet of faith
 w - a cursed amulet of inaccuracy {unknown}
 x - a ring of stealth (right branch)
Scrolls
 e - 3 scrolls of teleportation
 f - a scroll of remove curse {unknown}
 j - a scroll of magic mapping
 k - 2 scrolls of immolation {unknown}
 l - 2 scrolls of enchant armour {unknown}
 m - a scroll of blinking {unknown}
 p - 7 scrolls of identify
 q - 3 scrolls of random uselessness {unknown}
 z - a scroll of amnesia {unknown}
 C - a scroll of brand weapon {unknown}
 D - a scroll of fog {unknown}
Potions
 b - 2 potions of cancellation {unknown}
 g - a potion of flight {unknown}
 h - 3 potions of lignification
 i - 2 potions of ambrosia {unknown}
 o - a potion of heal wounds {unknown}
 s - 2 potions of resistance {unknown}
 u - a potion of mutation {unknown}
 A - 2 potions of haste {unknown}


   Skills:
 + Level 3.7 Fighting
 * Level 8.1 Axes
 + Level 4.5 Armour
 + Level 1.2 Dodging
 + Level 1.8 Stealth
 * Level 6.5 Shields


You had 8 spell levels left.
You didn't know any spells.
Your spell library contained the following spells:

 Spells                   Type           Power        Failure   Level
 Magic Dart               Conj           0%           78%         1
 Blink                    Tloc           N/A          89%         2
 Call Imp                 Summ           0%           89%         2
 Slow                     Hex            0%           89%         2
 Conjure Flame            Conj/Fire      0%           98%         3
 Mephitic Cloud           Conj/Pois/Air  0%           98%         3


Dungeon Overview and Level Annotations

Branches:
Dungeon (7/15)             Temple (0/1) D:7          Bailey (1/1)

Altars:
Cheibriados
Elyvilon
Fedhas
Gozag
Hepliaklqana
Makhleb
Okawaru
Wu Jian
Yredelemnul
The Shining One

Shops:
D:5 (

Annotations:
D:4 2 transporters, 2 runed translucent doors, DearestLeader's ghost, amateur MfIE
D:6 1 runed translucent door, dreux's ghost, novice FoAr


Innate Abilities, Weirdness & Mutations

((You have razor-sharp teeth.))
Your natural rate of healing is unusually fast.
When hurt, damage is shared between your health and your magic reserves.
((Your bite disrupts and absorbs the magic of your enemies.))
Potions cannot restore your health.
Your life essence is reduced to manifest your ancestor. (-10% HP)


Message History

The gnoll hits you but does no damage. The gnoll barely misses you.
Unknown command.
Unknown command.
Unknown command.
Unknown command.
Unknown command.
Unknown command.
It was a potion of lignification.
You turn into a tree.
Your +0 helmet melds into your body.
Your +2 pair of gloves of archery melds into your body.
Your +0 pair of boots melds into your body.
Your +0 plate armour melds into your body.
Your aim is not that steady anymore.
Your roots penetrate the ground.
The gnoll shaman is no longer moving quickly.
The gnoll shaman hits you but does no damage.
The gnoll sergeant hits you with a +0 halberd!
* * * LOW HITPOINT WARNING * * *
The gnoll hits you but does no damage.
The gnoll shaman hits you from afar with a +0 spear.
You die...

##g## #)..# #...#
#...#
≈.######'''######
≈................
≈≈.....)..g......
♣≈≈≈≈≈≈≈gg.≈≈≈≈≈≈
♣♣......g♣g......
♣♣♣......g....♣♣
♣♣♣♣.......♣♣
♣♣.∩.♣♣♣♣ ♣♣.♣♣
♣.♣ ♣∩♣ ###


You could see a gnoll sergeant (fast), 2 gnoll shamans and 3 gnolls.

Vanquished Creatures
  Pikel (D:4)
  Eustachio (D:5)
  A sky beast (D:5)
  A phantom (D:4)
  A centaur (D:7)
  An ogre (D:4)
  A bullfrog (D:6)
  A gnoll sergeant (Bailey)
  A scorpion (D:5)
  An orc priest (D:6)
  5 orc wizards
  2 hounds
  2 iguanas
  3 worker ants
  2 gnolls (Bailey)
  7 adders
  A shadow imp (D:7)
  An ufetubus (D:5)
  3 dart slugs
  2 worms
  A leopard gecko (D:5)
  22 orcs
  2 ball pythons
  8 bats
  6 giant cockroaches
  7 goblins
  12 hobgoblins
  A jackal (D:6)
  A quokka (D:7)
  9 frilled lizards
  6 kobolds
  6 rats
  A spectral orc (D:2)
120 creatures vanquished.

Vanquished Creatures (collateral kills)
  Menkaure (D:5)
  An ogre (D:5)
  A lemure (D:4)
  2 bullfrogs (D:6)
  2 orc priests
  5 hounds
  A bullfrog skeleton (D:5)
  An iguana (D:7)
  An orc wizard (D:4)
  A worker ant (D:5)
  3 gnolls (Bailey)
  3 orcs
  A ball python (D:6)
  4 goblins (D:7)
  A jackal (D:6)
  A frilled lizard (D:5)
29 creatures vanquished.

Vanquished Creatures (others)
  2 battlemagi (Bailey)
  An ancestor (D:4)
3 creatures vanquished.

Grand Total: 152 creatures vanquished

Notes
Turn   | Place    | Note
-------+----------+-------------------------------------------
     0 | D:1      | Riddle the Vine Stalker Fighter began the quest for the
                  | Orb.
     0 | D:1      | Reached XP level 1. HP: 11/11 MP: 2/2
   111 | D:1      | Reached XP level 2. HP: 16/16 MP: 3/3
   277 | D:1      | Reached skill level 2 in Axes
   415 | D:1      | Reached XP level 3. HP: 19/19 MP: 4/4
  1073 | D:2      | Gained mutation: Your natural rate of healing is unusually
                  | fast. [Vine Stalker growth]
  1073 | D:2      | Reached XP level 4. HP: 18/23 MP: 5/5
  1120 | D:2      | Found a basalt altar of Yredelemnul.
  1937 | D:3      | Found a hazy altar of Hepliaklqana.
  1988 | D:3      | Became a worshipper of Hepliaklqana the Forgotten
  2320 | D:4      | Reached skill level 3 in Axes
  2320 | D:4      | Reached XP level 5. HP: 23/25 MP: 4/6
  2403 | D:4      | Found a transporter.
  2403 | D:4      | Noticed DearestLeader's ghost (amateur MfIE)
  2543 | D:4      | Noticed a lemure
  2584 | D:4      | Killed a lemure
  2590 | D:4      | Noticed Pikel
  2591 | D:4      | Noticed a lemure
  2591 | D:4      | Noticed a lemure
  2593 | D:4      | Noticed a lemure
  2630 | D:4      | Killed Pikel
  2631 | D:4      | Reached skill level 4 in Axes
  2631 | D:4      | Reached skill level 1 in Stealth
  2631 | D:4      | Reached skill level 5 in Shields
  2631 | D:4      | Reached XP level 6. HP: 22/28 MP: 3/7
  2631 | D:4      | Reached XP level 7. HP: 25/32 MP: 3/8
  2855 | D:4      | Reached skill level 5 in Axes
  2865 | D:4      | Reached skill level 1 in Dodging
  2948 | D:4      | Found a large runed translucent door.
  2948 | D:4      | Found a large runed translucent door.
  3030 | D:4      | Gained mutation: You have razor-sharp teeth. [Vine Stalker
                  | growth]
  3030 | D:4      | Reached XP level 8. HP: 34/36 MP: 9/9
  3032 | D:4      | Found a large runed translucent door.
  3032 | D:4      | Found a large runed translucent door.
  3161 | D:4      | Found a transporter.
  3428 | D:5      | Entered Level 5 of the Dungeon
  3428 | D:5      | Found Elufow's Weapon Emporium.
  3585 | D:5      | Noticed Eustachio
  3604 | D:5      | Killed Eustachio
  3605 | D:5      | Reached skill level 6 in Axes
  3607 | D:5      | Reached * piety under Hepliaklqana
  3610 | D:5      | Noticed Menkaure
  3617 | D:5      | Killed Menkaure
  3703 | D:5      | Found a glowing golden altar of the Shining One.
  3705 | D:5      | Found an iron altar of Okawaru.
  3811 | D:5      | Got a flickering graven amulet
  3822 | D:5      | Identified the amulet of Xuopte {RegenMP rN++ Int-4} (You
                  | found it on level 5 of the Dungeon)
  3850 | D:5      | Found a burning altar of Makhleb.
  3935 | D:5      | Found a blossoming altar of Fedhas.
  3938 | D:5      | Found an opulent altar of Gozag.
  3966 | D:5      | Found an ornate altar of the Wu Jian Council.
  4063 | D:5      | Reached skill level 7 in Axes
  4341 | D:6      | Reached XP level 9. HP: 37/39 MP: 10/10
  4407 | D:6      | Found a white marble altar of Elyvilon.
  4480 | D:6      | Found a snail-covered altar of Cheibriados.
  4517 | D:6      | Found a runed translucent door.
  4519 | D:6      | Noticed dreux's ghost (novice FoAr)
  4623 | D:6      | Reached ** piety under Hepliaklqana
  4624 | D:6      | Remembered your ancestor Kerf as a battlemage
  4682 | D:7      | Found a flagged portal.
  4742 | Bailey   | Entered a bailey
  4779 | Bailey   | Reached skill level 8 in Axes
  4821 | Bailey   | HP: 1/60 [gnoll sergeant/+0 halberd (5)]
  4821 | Bailey   | Slain by a gnoll shaman

Illustrated notes

Levels and vault maps discovered:
D:1:      matt_arrival_refuge, layout_basic
D:2:      wad_pebble_path, layout_loops_ring,
          yredelemnul_forgotten_temple_becter, minmay_box_of_dots
D:3:      layout_loops_cross, nicolae_overflow_crystal_walls
D:4:      layout_basic, gammafunk_ghost_arena, minmay_hollow_rounded_squares,
          uniq_pikel
D:5:      layout_gridville, nicolae_overflow_hidden_temple,
          general_overflow_altar, serial_shops, shop,
          makhleb_blood_cavern_becter, uniq_eustachio, uniq_menkaure
D:6:      layout_gridville, overflow_temple_1_default, basic_altar,
          ebering_ghost_reflecting_pool
D:7:      lemuel_ice_spiral_2, layout_basic, lightli_temple_of_fire,
          minmay_temple_entry_statues_pillars, enter_bailey_5
Bailey:   bailey_polearm_gnolls_kennysheep, bailey

Skill      XL: |  1  2  3  4  5  6  7  8  9 |
---------------+----------------------------+-----
Axes           | 2 3 4 5 7 8 |  8.1
Shields        | 3 5 6 |  6.5
Fighting       | 3 |  3.7
Armour         | 3 4 |  4.5
Stealth        | 1 |  1.8
Dodging        | 1 |  1.2

Action                   |  1- 3 |  4- 6 |  7- 9 || total
-------------------------+-------+-------+-------++-------
Melee: War axe           |    84 |   124 |   198 ||   406
       Bite              |    12 |    35 |    74 ||   121
Invok: Ancestor Identity |       |     1 |       ||     1
       Recall Ancestor   |       |       |     1 ||     1
       Ancestor Life: Ba |       |       |     1 ||     1
  Use: Potion            |     1 |       |     2 ||     3
       Scroll            |       |       |     4 ||     4
 Stab: Distracted        |       |     2 |     2 ||     4
Armor: Scale mail        |    47 |    23 |       ||    70
       Chain mail        |       |    14 |    18 ||    32
       Ring mail         |       |     2 |       ||     2
       Plate armour      |       |       |   128 ||   128
       Skin              |       |       |     2 ||     2
Dodge: Dodged            |    24 |    24 |    53 ||   101
Block: Kite shield       |    44 |    94 |   218 ||   356
       Reflection        |       |     1 |     6 ||     7
